 Dungeon Crawl Stone Soup version 0.24.1-8-ga250c9d538 (webtiles) character file.

Game seed: 14586133814150005686, levelgen mode: deterministic

982 Peloso the Shield-Bearer (level 7, -6/55 HPs)
             Began as a Demonspawn Fighter on May 7, 2020.
             Was a Follower of Okawaru.
             Mangled by an orc warrior
             ... wielding a +0 battleaxe
              (19 damage)
             ... on level 5 of the Dungeon.
             The game lasted 00:11:32 (3982 turns).

Peloso the Shield-Bearer (Demonspawn Fighter)       Turns: 3982, Time: 00:11:32

Health: -6/55      AC: 11    Str: 18    XL:     7   Next: 96%
Magic:  7/7        EV:  9    Int:  9    God:    Okawaru [*.....]
Gold:   221        SH: 17    Dex: 13    Spells: 6/6 levels left

rFire    . . .     SeeInvis .   a - +0 long sword
rCold    . . .     Gourm    .   c - +0 large shield
rNeg     . . .     Faith    .   t - +0 chain mail
rPois    .         Spirit   .   (no helmet)
rElec    .         Reflect  .   (no cloak)
rCorr    +         Harm     .   (no gloves)
MR       .....                  (no boots)
Stlth    ..........             o - amulet of magic regeneration
HPRegen  2.18/turn              h - ring of resist corrosion
MPRegen  0.35/turn              (no ring)

@: heroism
A: talons 1, repulsion field 1, powered by death 2
a: Heroism, Renounce Religion


You were on level 5 of the Dungeon.
You worshipped Okawaru.
Okawaru was aware of your devotion.
You were very hungry.

You visited 1 branch of the dungeon, and saw 6 of its levels.

You collected 221 gold pieces.

Inventory:

Hand Weapons
 a - a +0 long sword (weapon)
 w - a cursed +0 whip
Armour
 b - a +0 scale mail
 c - a +0 large shield (worn)
 t - a +0 chain mail (worn)
 u - a +0 pair of gloves
Jewellery
 h - a ring of resist corrosion (left hand)
 o - an amulet of magic regeneration (around neck)
 q - an uncursed amulet of rage
Scrolls
 e - a scroll of fog
 i - 2 scrolls of noise
 j - a scroll of identify
 r - a scroll of remove curse {unknown}
 s - 2 scrolls of teleportation
 x - a scroll of enchant weapon {unknown}
 y - 3 scrolls of amnesia {unknown}
 A - a scroll of enchant armour {unknown}
Potions
 d - a potion of might
 g - a potion of agility
 k - a potion of haste
 l - a potion of resistance
 m - 2 potions of heal wounds
 n - a potion of brilliance
 p - a potion of curing
 v - a potion of invisibility
 z - a potion of magic {unknown}
Comestibles
 f - 10 rations


   Skills:
 + Level 4.6(9.6) Fighting
 + Level 4.9(9.9) Long Blades
 + Level 4.5(9.5) Armour
 + Level 1.2(6.2) Dodging
 + Level 0.1(5.1) Stealth
 + Level 5.2(10.2) Shields
 + Level 0.5 Invocations


You had 6 spell levels left.
You didn't know any spells.
Your spell library contained the following spells:

 Spells                   Type           Power        Failure   Level  Hunger
 Beastly Appendage        Tmut           #.....       100%        1    ##.....
 Sticks to Snakes         Tmut           #.......     100%        2    ###....
 Spider Form              Tmut/Pois      #.........   100%        3    ####...
 Ice Form                 Ice/Tmut       #.......     100%        4    #####..
 Blade Hands              Tmut           #.........   100%        5    ######.


Dungeon Overview and Level Annotations

Branches:
Dungeon (6/15)
 Temple: D:4-7

Altars:
Fedhas
Gozag
Okawaru
Ru
Sif Muna
Trog
The Shining One

Shops:
D:4 *:}:%


Innate Abilities, Weirdness & Mutations

You have sharp toenails.
You are surrounded by a mild repulsion field. (EV +2)
You regenerate health from kills.


Message History

Unknown command.
You slice the orc!!
You kill the orc!
Okawaru accepts your kill.
Unknown command.
You slash the orc warrior!
You claw the orc warrior, but do no damage.
The orc warrior is moderately wounded.
You block the orc warrior's attack.
Unknown command.
You barely miss the orc warrior. Your kick misses the orc warrior.
The orc warrior is moderately wounded.
The orc warrior hits you with a +0 battleaxe!
* * * LOW HITPOINT WARNING * * *
Unknown command.
You hit the orc warrior but do no damage.
You claw the orc warrior.
The orc warrior is moderately wounded.
The orc warrior hits you with a +0 battleaxe!!
You die...

≈.≈###≈.≈###≈§≈###≈..#
≈§§≈§≈≈.§§≈≈§.≈≈≈§§§.# ########
..§.....§§...§.§.§§.§#####.......
§.≈≈≈≈§[≈§≈≈§§§≈≈§≈.....##.######
≈§§###§.§###§.§###≈.....##.# ≈.≈#
#§.§# #§§≈# #§.....##.#
§.≈###≈§§###§.≈###≈)....##.#
≈§§≈≈≈≈§§≈≈§§.≈≈§§≈.>)..##.###
.§.....§...§§...@oo...).#....#
≈.≈≈§§≈§§≈≈§§.≈≈§§≈.....#....#
≈.≈###≈.§###§.≈###≈.....#....#
≈.≈# #≈.≈# #≈.≈# #§§....#....#
≈.§###≈.≈###≈.≈###§.....#....#
≈.§§≈≈≈.§≈≈≈≈.≈≈≈§§.....##.###
§............§..........##.#
≈§≈≈≈≈§§§§≈≈§§≈≈≈≈≈..#####.#
≈.§###≈.≈###≈§≈###≈(.# #.#


You could see an orc warrior and an orc.

Vanquished Creatures
  A hornet zombie (D:5)
  3 ogres
  A centaur (D:5)
  A scorpion (D:4)
  A howler monkey (D:4)
  A hound (D:4)
  An orc priest (D:5)
  A centaur skeleton (D:4)
  6 worker ants
  An orc wizard (D:4)
  Robin (D:2)
  8 adders
  An ooze (D:3)
  An adder skeleton (D:5)
  3 worms
  2 dart slugs
  4 leopard geckos
  15 orcs
  4 giant cockroaches
  14 hobgoblins
  7 jackals
  10 kobolds
  A ball python (D:5)
  4 bats
  7 frilled lizards
  20 goblins
  9 rats
128 creatures vanquished.

Notes
Turn   | Place    | Note
-------+----------+-------------------------------------------
     0 | D:1      | Peloso the Demonspawn Fighter began the quest for the Orb.
     0 | D:1      | Reached XP level 1. HP: 18/18 MP: 1/1
   153 | D:1      | Gained mutation: You are surrounded by a mild repulsion
                  | field. (EV +2) [demonic ancestry]
   153 | D:1      | Reached XP level 2. HP: 18/24 MP: 2/2
   255 | D:1      | You fall into a shaft and drop 1 floor!
   435 | D:1      | Gained mutation: You regenerate a little health from kills.
                  | [demonic ancestry]
   435 | D:1      | Reached XP level 3. HP: 28/29 MP: 3/3
   616 | D:2      | Reached skill level 3 in Shields
   680 | D:2      | Found a glowing golden altar of the Shining One.
   842 | D:2      | Noticed Robin
   849 | D:2      | Killed Robin
   855 | D:2      | Reached XP level 4. HP: 28/37 MP: 4/4
   911 | D:2      | Found an iron altar of Okawaru.
   918 | D:2      | Found a bloodstained altar of Trog.
   967 | D:2      | Became a worshipper of Warmaster Okawaru
  1205 | D:2      | Found a faded altar of an unknown god.
  1588 | D:3      | Gained mutation: You have sharp toenails. [demonic
                  | ancestry]
  1588 | D:3      | Reached XP level 5. HP: 39/42 MP: 5/5
  1650 | D:3      | Found a shimmering blue altar of Sif Muna.
  1921 | D:4      | Reached skill level 4 in Shields
  1958 | D:4      | Found Enautzy's Food Shop.
  2004 | D:4      | Found Riraor's Book Shop.
  2016 | D:4      | Found Meizei's Gadget Shoppe.
  2025 | D:4      | Gained mutation: You regenerate health from kills. [demonic
                  | ancestry]
  2025 | D:4      | Reached XP level 6. HP: 36/48 MP: 6/6
  2050 | D:4      | Found Cufaxzig's General Store.
  2080 | D:4      | Found Teareamy's Book Shoppe.
  2096 | D:4      | You fall into a shaft and drop 1 floor!
  2096 | D:5      | Entered Level 5 of the Dungeon
  2254 | D:5      | Reached * piety under Okawaru
  2710 | D:5      | Found a blossoming altar of Fedhas.
  2716 | D:5      | Found an opulent altar of Gozag.
  2771 | D:5      | Found a sacrificial altar of Ru.
  2789 | D:5      | Reached skill level 1 in Dodging
  2789 | D:5      | Reached XP level 7. HP: 41/55 MP: 7/7
  3370 | D:4      | Reached skill level 5 in Shields
  3982 | D:5      | Mangled by an orc warrior

Levels and vault maps discovered:
D:1:      evilmike_arrival_fibonacci_small, layout_rooms
D:2:      minmay_chambers_of_ones, layout_rooms,
          amethyst_overflow_temple_binary, tso_metal_star,
          chequers_ecumenical_altar_island, uniq_robin
D:3:      layout_basic, nicolae_overflow_hidden_temple
D:4:      layout_rooms, serial_shops, kennysheep_little_box, shop, shop,
          nicolae_shop_statue_plus, shop
D:5:      layout_basic, nicolae_ru_awakened_eye, minitemple, first_ration,
          kennysheep_boxes
D:6:      layout_basic, minmay_temple_entry_mini_moons,
          gammafunk_ghost_stat_death, kennysheep_generic_room_13, uniq_eustachio

Skill      XL: |  1  2  3  4  5  6  7 |
---------------+----------------------+-----
Long Blades    | 2 3 4 |  4.9
Shields        | 3 4 5 |  5.2
Armour         | 3 4 |  4.5
Fighting       | 4 |  4.6
Dodging        | 1 |  1.2
Stealth        | |  0.1
Invocations    | |  0.5

Action                   |  1- 3 |  4- 6 |  7- 9 || total
-------------------------+-------+-------+-------++-------
Melee: Long sword        |    95 |   333 |    76 ||   504
       Kick              |       |    63 |    26 ||    89
Invok: Heroism           |       |     1 |     4 ||     5
  Use: Scroll            |     6 |     4 |       ||    10
       Potion            |       |       |     1 ||     1
  Eat: Chunk             |       |     7 |     3 ||    10
Armor: Scale mail        |    47 |    47 |       ||    94
       Chain mail        |       |   109 |    21 ||   130
Dodge: Dodged            |    18 |    91 |    17 ||   126
Block: Large shield      |    66 |   315 |    47 ||   428
       Rpst.: Long sword |     5 |    32 |     6 ||    43
